 Dungeon Crawl Stone Soup version 0.30-a0-23-ge60ba3568b (webtiles) character file.

Game seed: 16108398755158110944

847 siradein the Ruffian (level 7, 0/108 HPs)
             Began as a Troll Cinder Acolyte on Aug 25, 2022.
             Was a High Priest of Ignis.
             Slain by Pikel
             ... wielding a +1 whip of flaming
              (1 damage)
             ... on level 5 of the Dungeon.
             The game lasted 00:10:03 (4733 turns).

siradein the Ruffian (Troll Cinder Acolyte)         Turns: 4733, Time: 00:10:03

Health: 0/108      AC:  6    Str: 23    XL:     7   Next: 68%
Magic:  7/7        EV:  9    Int: 10    God:    Ignis [*****.]
Gold:   290        SH:  0    Dex:  7    Spells: 8/8 levels left

rFire   + . .      SeeInvis .      - Unarmed
rCold   + . .      Faith    .    (no shield)
rNeg    . . .      Spirit   .    z - +2 robe {rC+}
rPois   +          Reflect  .    (helmet restricted)
rElec   .          Harm     .    (no cloak)
rCorr   .          Rampage  .    (gloves unavailable)
Will    +....                    (boots unavailable)
Stlth   ..........               (no amulet)
HPRegen 1.08/turn                d - ring of willpower
MPRegen 0.10/turn                s - ring of poison resistance

@: berserking (expiring), very quick
A: large, unfitting armour, claws 3, regeneration 1, shaggy fur 1, tough skin 1
a: Renounce Religion, Fiery Armour, Foxfire Swarm, Rising Flame


You were on level 5 of the Dungeon.
You worshipped Ignis.
Ignis was extremely pleased with you.
You visited 1 branch of the dungeon, and saw 6 of its levels.
You also visited: Sewer.

You collected 290 gold pieces.

Inventory:

Missiles
 o - 58 stones (quivered)
Armour
 z - a +2 robe of cold resistance (worn)
Jewellery
 d - a ring of willpower (left claw)
 e - a ring of willpower
 s - a ring of poison resistance (right claw)
Wands
 q - a wand of polymorph (10)
 y - a wand of light (8)
Scrolls
 b - 4 scrolls of enchant armour
 c - 6 scrolls of teleportation {unknown}
 f - a scroll of brand weapon {unknown}
 i - a scroll of blinking
 j - a scroll of silence
 l - a scroll of vulnerability {unknown}
 n - 3 scrolls of fog
 u - a scroll of poison {unknown}
 v - 2 scrolls of acquirement {unknown}
 A - a scroll of amnesia
Potions
 h - a potion of attraction
 k - 3 potions of brilliance
 m - 6 potions of flight
 p - 3 potions of haste
 r - 2 potions of curing
 t - a potion of magic
 w - a potion of degeneration {unknown}
 x - a potion of invisibility {unknown}
 B - a potion of heal wounds {unknown}


   Skills:
 + Level 5.0 Fighting
 + Level 3.9 Throwing
 + Level 6.0 Unarmed Combat
 - Level 1.0 Spellcasting
 - Level 2.1 Fire Magic


You had 8 spell levels left.
You didn't know any spells.
Your spell library contained the following spells:

 Spells                   Type           Power      Damage    Failure   Level
 Foxfire                  Conj/Fire      8%         2x1d4     22%         1
 Scorch                   Fire           8%         2d5       22%         2
 Conjure Flame            Conj/Fire      2%         6-21      54%         3
 Inner Flame              Hex/Fire       2%         N/A       54%         3
 Flame Wave               Conj/Fire      2%         2d4       91%         4
 Summon Ice Beast         Ice/Summ       0%         N/A       98%         4
 Summon Mana Viper        Hex/Summ       0%         N/A       100%        5
 Monstrous Menagerie      Summ           0%         N/A       100%        7


Dungeon Overview and Level Annotations

Branches:
Dungeon (6/15)              Sewer (visited)
 Temple: D:4-7

Altars:
Wu Jian

Annotations:
D:5 Pikel


Innate Abilities, Weirdness & Mutations

You are too large for most types of armour.
You have claws for hands.
Your natural rate of healing is unusually fast.
You are covered in fur. (AC +1)
You have tough skin. (AC +1)


Message History

Pikel hits you with a +1 whip of flaming.
Pikel burns you. Pikel attacks as you move away!
Pikel hits you with a +1 whip of flaming.
Pikel burns you. The lemure hits you.
There is a stone staircase leading up here.
Pikel barely misses you.
Pikel hits you with a +1 whip of flaming.
* * * LOW HITPOINT WARNING * * *
You climb upwards.
There is a stone staircase leading down here.
A red film seems to cover your vision as you go berserk!
You feel yourself moving faster!
You feel mighty! Pikel barely misses you. The lemure hits you!
* * * LOW HITPOINT WARNING * * *
You closely miss Pikel. Pikel hits you but does no damage.
The lemure hits you but does no damage.
You completely miss Pikel. Pikel closely misses you.
You closely miss Pikel.
Pikel hits you with a +1 whip of flaming.
* * * LOW HITPOINT WARNING * * *
The lemure hits you.
* * * LOW HITPOINT WARNING * * *
You closely miss Pikel. Pikel barely misses you.
You scratch Pikel.
Pikel is lightly wounded.
The lemure hits you!
* * * LOW HITPOINT WARNING * * *
Pikel hits you with a +1 whip of flaming.
* * * LOW HITPOINT WARNING * * *
You claw Pikel!
Pikel is moderately wounded.
Pikel hits you but does no damage. The lemure hits you.
* * * LOW HITPOINT WARNING * * *
You claw Pikel!
Pikel is severely wounded.
Pikel hits you with a +1 whip of flaming.
* * * LOW HITPOINT WARNING * * *
Pikel burns you.
You die...

.....#.##..########.......#......
####...^..........#.....###......
#ยง##...####.##..........###......
###....#..............##........#
##.#...#.##.....)..#####........#
.#.#...#.###.......##...........#
.#.#...#...........##...........#
.#.#...######.#....##...........#
.#.#............@..##..[.########
.#.#....#####.#5K..##............
........# #.#....##............
[..#....# #.#....####..........
........#####.#########..........
...###..#........................
........#......########..........
...###.##......#### #..........
...# #.####.......# #..........


You could see Pikel (fast) and a lemure.

Vanquished Creatures
  A lemure (D:6)
  A phantom (D:4)
  A kobold brigand (D:5)
  A scorpion (D:5)
  A howler monkey (D:5)
  A jelly (D:4)
  A hound (D:5)
  2 iguanas (D:5)
  Jessica (D:3)
  Ijyb (D:3)
  2 orc wizards (D:4)
  4 gnolls (D:5)
  15 adders
  5 river rats
  5 worms
  2 dart slugs
  19 orcs
  5 endoplasms
  6 giant cockroaches
  13 goblins
  7 hobgoblins
  18 jackals
  14 kobolds
  5 quokkas
  9 ball pythons
  10 bats
  6 frilled lizards
  6 rats
162 creatures vanquished.

Notes
Turn   | Place    | Note
-------+----------+-------------------------------------------
     0 | D:1      | siradein the Troll Cinder Acolyte began the quest for the
                  | Orb.
     0 | D:1      | Reached XP level 1. HP: 22/22 MP: 1/1
   160 | D:1      | Reached XP level 2. HP: 29/29 MP: 2/2
   435 | D:1      | You fall into a shaft and drop 1 floor!
   618 | D:2      | Reached XP level 3. HP: 29/37 MP: 3/3
  1282 | D:1      | Reached XP level 4. HP: 45/45 MP: 4/4
  1362 | D:1      | Reached skill level 4 in Unarmed Combat
  1610 | D:3      | Noticed Ijyb
  1633 | D:3      | Killed Ijyb
  1634 | D:3      | Reached skill level 1 in Throwing
  1704 | D:3      | Noticed Jessica
  1717 | D:3      | Killed Jessica
  1718 | D:3      | Reached XP level 5. HP: 53/53 MP: 5/5
  1804 | D:3      | Found a glowing drain.
  1831 | Sewer    | Entered a sewer
  2338 | Sewer    | Reached XP level 6. HP: 57/62 MP: 6/6
  3014 | D:3      | Found a faded altar of an unknown god.
  3155 | D:4      | Reached skill level 5 in Unarmed Combat
  3610 | D:4      | Reached XP level 7. HP: 44/71 MP: 7/7
  3913 | D:5      | Entered Level 5 of the Dungeon
  4233 | D:5      | Identified the +3 chain mail "Ruxoapuy" {rF+ SInv}
  4314 | D:5      | Found an ornate altar of the Wu Jian Council.
  4517 | D:5      | Reached skill level 5 in Fighting
  4517 | D:5      | Reached skill level 6 in Unarmed Combat
  4711 | D:6      | Noticed Pikel
  4733 | D:5      | HP: 1/108 [Pikel/+1 whip of flaming (6)]
  4733 | D:5      | Slain by Pikel

Illustrated notes

Levels and vault maps discovered:
D:1:      spicycebolla_green_bress_n_ham_2, layout_loops_ring, item_on_display_a
D:2:      layout_loops_ring
D:3:      kennysheep_the_goblin_king, layout_basic,
          cheibrodos_sewer_entry_sluice, shapermc_ecumenical_altar_flowoftime,
          uniq_jessica
D:4:      layout_gridville
D:5:      layout_basic, pdpol_wu_jian_five_deadly_venoms
D:6:      layout_cave_pools, grunt_temple_overflow_open,
          makhleb_blood_cavern_becter, kennysheep_nondescript, uniq_menkaure,
          uniq_pikel

Skill      XL: |  1  2  3  4  5  6  7 |
---------------+----------------------+-----
Fighting       | 3 4 5 |  5.0
Unarmed Combat | 4 5 6 |  6.0
Throwing       | 1 2 3 |  3.9
Spellcasting   | |  1.0
Fire Magic     | |  2.1

Action                   |  1- 3 |  4- 6 |  7- 9 || total
-------------------------+-------+-------+-------++-------
Melee: Unarmed           |   121 |   326 |    66 ||   513
       Punch             |     3 |     7 |     2 ||    12
  Use: Potion            |       |     4 |     1 ||     5
       Scroll            |       |     6 |     3 ||     9
Armor: Robe              |    29 |   150 |    20 ||   199
       Skin              |       |     5 |       ||     5
Dodge: Dodged            |    55 |   205 |    33 ||   293

Table legend: (Time is in decaauts)
 A = Elapsed time spent in this place.
 B = Non-inter-level travel time spent in this place.
 C = Inter-level travel time spent in this place.
 D = Time resting spent in this place.
 E = Time spent auto-exploring this place.
 F = Levels seen in this place.
 G = Mean time per level.
                   A        B        C        D        E       F      G
               +--------+--------+--------+--------+--------+-----+--------+
         Total |   4850 |   4718 |    132 |    155 |   3368 |   7 |  692.9 |
       Dungeon |   3888 |   3756 |    132 |      0 |   2804 |   6 |  648.0 |
         Sewer |    962 |    962 |      0 |    155 |    563 |   1 |  962.0 |
               +--------+--------+--------+--------+--------+-----+--------+

Top non-repeatable levels by time:
   Sewer: 962 daAuts
     D:4: 817 daAuts
     D:1: 785 daAuts
     D:5: 782 daAuts
     D:3: 781 daAuts
     D:2: 692 daAuts
     D:6: 29 daAuts
